Map: Ruby Rock LE

Players

JoburgTaxi - Winner!

  • Race: Terran Terran
  • League: Platinum
  • Spawn Location: 11:00

VOD

Have the link to the VOD?

Description

Time

  • Played on: Dec. 5, 2025, 4:09 p.m.
  • Length: 4:54
Show
View Real Time Build Order
Export as new Build Order

JoburgTaxi Terran - Winner!

Build Orders:  

Get SALT Encoding   

  12  0:00  SCV  
  13  0:22  Supply Depot  
  13  0:55  Barracks  
  13  1:12  Barracks  
  13  1:26  Barracks  
  13  1:32  SCV  
  14  2:01  Marine  
  14  2:04  Barracks  
  15  2:28  Supply Depot  
  15  2:30  Marine  
  15  2:33  Marine  
  15  2:39  Marine  
  18  2:55  Marine  
  18  2:58  Marine  
  20  3:04  Marine  
  21  3:20  Marine  
  21  3:22  Marine  
  21  3:23  Marine  
  24  3:35  Marine  
  25  3:46  Marine  
  26  3:58  Marine  
  26  4:11  Marine  
  27  4:20  Marine  
Tags
 
Add a new tag
Caveats
  • Supply blocks, unpowered buildings, or Contaminate may cause inaccurate times.
  • Supply counts are checked every 10 seconds.